 Dungeon Crawl Stone Soup version 0.23.2-33-g5129a83184 (webtiles) character file.

Game seed: 8030188435445754070

116 AarnesTheHuman the Firebug (level 5, -2/37 HPs)
             Began as a Human Fire Elementalist on July 31, 2019.
             Slain by a killer bee (7 damage)
             ... on level 3 of the Dungeon.
             The game lasted 00:10:42 (2277 turns).

AarnesTheHuman the Firebug (HuFE)                   Turns: 2277, Time: 00:10:43

Health: -2/37      AC:  5    Str:  8    XL:     5   Next: 20%
Magic:  7/9        EV: 12    Int: 16    God:
Gold:   133        SH:  0    Dex: 14    Spells: 3/9 levels left

rFire    + . .     SeeInvis .   s - +2 hand axe (elec)
rCold    . . .     Gourm    .   (no shield)
rNeg     . . .     Faith    .   k - +2 robe {rF+}
rPois    .         Spirit   .   x - +0 helmet
rElec    .         Reflect  .   (no cloak)
rCorr    .         Harm     .   (no gloves)
MR       +....                  (no boots)
Stlth    ++........             (no amulet)
HPRegen  0.12/turn              m - ring of protection from magic
MPRegen  0.11/turn              (no ring)

@: lethally poisoned (-2 -> -22), heavily drained
A: no striking features
a: no special abilities


You were on level 3 of the Dungeon.
You were hungry.

You visited 1 branch of the dungeon, and saw 4 of its levels.

You collected 133 gold pieces.

Inventory:

Hand Weapons
 e - a +0 dagger
 q - a +0 rapier
 s - a +2 hand axe of electrocution (weapon)
Armour
 a - a +0 robe
 d - a +0 leather armour
 k - a +2 robe of fire resistance (worn)
 t - a +1 ring mail of cold resistance
 x - a +0 helmet (worn)
Jewellery
 m - a ring of protection from magic (left hand)
 u - an uncursed amulet of harm
Wands
 n - a wand of scattershot (6)
 y - a wand of digging (9)
Scrolls
 b - 2 scrolls of enchant armour {unknown}
 g - 5 scrolls of remove curse {unknown}
 h - a scroll of random uselessness {unknown}
 j - 3 scrolls of teleportation {unknown}
 o - 2 scrolls of magic mapping {unknown}
 p - a scroll of fear {unknown}
 w - a scroll of blinking {unknown}
Potions
 f - a potion of invisibility {unknown}
 i - 2 potions of lignification {unknown}
 l - a potion of berserk rage {unknown}
 r - a potion of might {unknown}
 v - 2 potions of heal wounds {unknown}
 A - a potion of haste {unknown}
Comestibles
 c - 2 rations
 z - 4 chunks of flesh


   Skills:
 + Level 1.1(0.0) Fighting
 - Level 2.6(1.1) Dodging
 - Level 2.0(0.5) Stealth
 + Level 2.8(1.3) Spellcasting
 + Level 2.3(0.8) Conjurations
 + Level 3.7(2.2) Fire Magic


You had 3 spell levels left.
You knew the following spells:

 Your Spells              Type           Power        Failure   Level  Hunger
a - Flame Tongue          Conj/Fire      #....        12%         1    ##.....
b - Throw Flame           Conj/Fire      #.....       19%         2    ###....
c - Conjure Flame         Conj/Fire      #.......     34%         3    ####...

Your spell library contained the following spells:

 Spells                   Type           Power        Failure   Level  Hunger
 Inner Flame              Hex/Fire       #.......     38%         3    ####...
 Sticky Flame             Conj/Fire      #.......     75%         4    #####..
 Fireball                 Conj/Fire      #.........   97%         5    ######.


Dungeon Overview and Level Annotations

Branches:
Dungeon (4/15)
 Temple: D:4-7

Altars:
Dithmenos
Fedhas

Annotations:
D:2 exclusion: ogre
D:3 Sigmund


Message History

The killer bee poisons you!
The killer bee stings you but does no damage.
Casting: Flame Tongue (safe; 12% risk of failure)
Confirm with . or Enter, or press ? or * to list all spells.
Aiming: Flame Tongue (safe; 12% risk of failure)
Press: ? - help, Shift-Dir - straight line, f/p - killer bee
Aim: a killer bee (moderately wounded)
The flame tongue hits the killer bee!
The killer bee is almost dead.
You feel sick. The killer bee stings you.
You are lethally poisoned!
The killer bee poisons you! The killer bee stings you.
* * * LOW HITPOINT WARNING * * *
You miss the killer bee.
The killer bee is almost dead.
* * * LOW HITPOINT WARNING * * *
You feel sick. The killer bee stings you.
* * * LOW HITPOINT WARNING * * *
The killer bee barely misses you. The killer bee stings you!
You die...

............#
##....######...#.
...........## #...#.#
#(((## ...........#
####..##.### ##..##
#..........# #..........#
##..#
#..........###..........#
#..#
#.......................#
###.(#
#...........##..........#
#.....
#..........###...y......#
#....) #..........#
#..@.......# #.....
...........# #..........#
###### ############
#..........# ############


You could see a killer bee.

Vanquished Creatures
  3 gnolls (D:3)
  An adder (D:3)
  An ooze (D:2)
  2 worms
  3 dart slugs
  2 leopard geckos (D:3)
  6 orcs (D:3)
  2 giant cockroaches
  3 goblins
  8 hobgoblins
  3 jackals (D:3)
  A quokka (D:3)
  2 ball pythons
  4 bats
  2 frilled lizards
  9 kobolds
  3 rats
55 creatures vanquished.

Notes
Turn   | Place    | Note
-------+----------+-------------------------------------------
     0 | D:1      | AarnesTheHuman the Human Fire Elementalist began the quest
                  | for the Orb.
     0 | D:1      | Reached XP level 1. HP: 13/13 MP: 3/3
   263 | D:1      | Reached XP level 2. HP: 19/19 MP: 1/5
   283 | D:1      | Learned a level 2 spell: Throw Flame
   816 | D:2      | Reached XP level 3. HP: 23/24 MP: 2/6
   878 | D:2      | Learned a level 3 spell: Conjure Flame
   951 | D:2      | Found a faded altar of an unknown god.
  1031 | D:2      | Noticed an ogre
  1518 | D:3      | Found a blossoming altar of Fedhas.
  1616 | D:3      | Found a shadowy altar of Dithmenos.
  1684 | D:3      | Reached XP level 4. HP: 30/30 MP: 2/7
  1769 | D:3      | Reached skill level 1 in Fighting
  1769 | D:3      | Reached XP level 5. HP: 26/37 MP: 4/9
  1773 | D:3      | Noticed Sigmund
  2277 | D:3      | Slain by a killer bee

Skill      XL: |  1  2  3  4 |
---------------+-------------+-----
Conjurations   | 2 |  2.3
Fighting       | 1 |  1.1
Dodging        | |  2.6
Stealth        | |  2.0
Spellcasting   | |  2.8
Fire Magic     | |  3.7

Action                   |  1- 3 |  4- 6 || total
-------------------------+-------+-------++-------
Melee: Dagger            |    69 |       ||    69
       Hand axe          |       |    43 ||    43
 Cast: Flame Tongue      |    37 |    15 ||    52
       Throw Flame       |     6 |       ||     6
 Stab: Sleeping          |     2 |       ||     2
  Eat: Chunk             |     3 |     2 ||     5
Armor: Robe              |    30 |    20 ||    50
Dodge: Dodged            |    61 |    44 ||   105
